 Dungeon Crawl Stone Soup version 0.29.1-1-gd02db6906a (webtiles) character file.

Game seed: 2839021396857807260

4 croobank the Caller (level 1, 0/7 HPs)
             Began as a Felid Summoner on Oct 22, 2022.
             Slain by a goblin
             ... wielding a +0 dagger
              (3 damage)
             ... on level 1 of the Dungeon.
             The game lasted 00:00:50 (56 turns).

croobank the Caller (Felid Summoner)                  Turns: 56, Time: 00:00:50

Health: 0/7        AC:  1    Str:  4    XL:     1   Next: 50%
Magic:  1/4        EV: 17    Int: 16    God:
Gold:   17         SH:  0    Dex: 16    Spells: 3/4 levels left
                                        Lives:  0   Deaths: 0

rFire   . . .      SeeInvis +   (weapon unavailable)
rCold   . . .      Faith    .   (shield unavailable)
rNeg    . . .      Spirit   .   (body armour unavailable)
rPois   .          Reflect  .   (helmet unavailable)
rElec   .          Harm     .   (cloak unavailable)
rCorr   .          Rampage  .   (gloves unavailable)
Will    .....                   (boots unavailable)
Stlth   ++........              (no amulet)
HPRegen 0.02/turn               (no ring)
MPRegen 0.09/turn               (no ring)

@: quick
A: very small, claws 1, fangs 3, see invisible, speed 1, shaggy fur 1, stealthy
paws, no weapons or thrown items, no armour, multi-lived
a: no special abilities


You were on level 1 of the Dungeon.
You visited 1 branch of the dungeon, and saw 1 of its levels.

You collected 17 gold pieces.

Inventory:

Potions
 a - a potion of magic


   Skills:
 + Level 2.8 Dodging
 + Level 2.8 Stealth
 + Level 2.0 Spellcasting
 + Level 4.0 Summonings


You had 3 spell levels left.
You knew the following spells:

 Your Spells              Type           Power      Damage    Failure   Level
a - Summon Small Mammal   Summ           56%        N/A       4%          1

Your spell library contained the following spells:

 Spells                   Type           Power      Damage    Failure   Level
 Call Imp                 Summ           14%        N/A       6%          2
 Call Canine Familiar     Summ           14%        N/A       12%         3
 Summon Guardian Golem    Hex/Summ       8%         N/A       26%         3
 Summon Lightning Spire   Summ/Air       8%         N/A       65%         4


Dungeon Overview and Level Annotations

Branches:
Dungeon (1/15)

Altars:


Innate Abilities, Weirdness & Mutations

You have sharp claws.
You have razor-sharp teeth.
You have supernaturally acute eyesight. (SInv)
You cover ground quickly. (Speed+)
You are covered in fur. (AC +1)
Your paws help you pounce on unaware monsters.
You are incapable of wielding weapons or throwing items.
You cannot wear armour.
You gain extra lives every three experience levels.


Message History

Confirm with . or Enter, or press ? or * to list all spells.
Your quokka disappears in a puff of smoke!
The endoplasm misses you.
Casting: Summon Small Mammal (safe; 4% risk of failure)
Confirm with . or Enter, or press ? or * to list all spells.
You miscast Summon Small Mammal.
You are very lightly contaminated with residual magic.
Nothing appears to happen.
The endoplasm hits you but does no damage.
Your rat bites the endoplasm.
You scratch the endoplasm but do no damage.
The endoplasm is moderately wounded.
Your rat bites the endoplasm.
The endoplasm freezes you.
You are frozen.
You barely miss the endoplasm.
The endoplasm is severely wounded.
Your rat bites the endoplasm.
The endoplasm dies!
Casting: Summon Small Mammal (safe; 4% risk of failure)
Confirm with . or Enter, or press ? or * to list all spells.
Your rat misses the goblin.
You swap places.
Your bat misses the goblin.
Your rat barely misses the goblin.
The goblin hits your bat but does no damage.
You swap places.
Your bat misses the goblin.
The goblin hits your bat with a +0 dagger.
Your bat dies!
Your bat's corpse disappears in a puff of smoke!
Your rat barely misses the goblin.
Your magical contamination has completely faded away.
You barely miss the goblin. You bite the goblin, but do no damage.
The goblin hits you with a +0 dagger.
Ouch! That really hurt!
* * * LOW HITPOINT WARNING * * *
You scratch the goblin but do no damage.
Your bite misses the goblin.
Your rat barely misses the goblin.
The goblin completely misses you.
You scratch the goblin but do no damage.
Your rat barely misses the goblin.
The goblin hits you with a +0 dagger.
You die...

...####.## ... #.....
...#.....# ...##..#..
....g.#..# .....##8##
.......# #### #.#..#...
#.)...#..... ....#...
#........... #..#..<
..##....##### #..#...
.....>...rg.# #......
.........##@# #.##8##
.........##.### #..#...
.........#....########......
##.......#...............###
#.......#........[.........
#.......#...............###
#.......#...............#
#############...........#
#...........#


You could see a goblin (ally target) and a friendly rat (summoned).

Vanquished Creatures (collateral kills)
  An endoplasm (D:1)
  A goblin (D:1)
  A hobgoblin (D:1)
3 creatures vanquished.

Notes
Turn   | Place    | Note
-------+----------+-------------------------------------------
     0 | D:1      | croobank the Felid Summoner began the quest for the Orb.
     0 | D:1      | Reached XP level 1. HP: 7/7 MP: 4/4
    56 | D:1      | Slain by a goblin

Illustrated notes

Levels and vault maps discovered:
D:1:      scummos_arrival_simple_crosswalls, layout_basic

Action                   || total
-------------------------++-------
Melee: Unarmed           ||     5
       Bite              ||     1
 Cast: Summon Small Mamm ||     4
Armor: Skin              ||     1
Dodge: Dodged            ||     2
